 Dungeon Crawl Stone Soup version 0.31-a0-204-g7da18cac08 (webtiles) character file.

Game seed: 12951148211955202242

135 innerfire43 the Trooper (level 4, -2/38 HPs)
             Began as a Demonspawn Monk on June 27, 2023.
             Was an Initiate of Yredelemnul.
             Slain by a gnoll
             ... wielding a +0 spear
              (5 damage)
             ... on level 4 of the Dungeon.
             The game lasted 00:02:44 (3113 turns).

innerfire43 the Trooper (Demonspawn Monk)           Turns: 3113, Time: 00:02:45

Health: -2/38      AC:  5    Str: 14    XL:     4   Next: 97%
Magic:  4/4        EV: 13    Int: 17    God:    Yredelemnul [......]
Gold:   182        SH:  4    Dex: 15    Spells: 3/3 levels left

rFire   . . .        a - +0 hand axe
rCold   . . .        d - orb {light}
rNeg    . . .        b - +0 robe
rPois   .            (no helmet)
rElec   .            (no cloak)
rCorr   .            n - +0 pair of gloves
SInv    .            (no boots)
Will    .....        (no amulet)
Stlth   +            k - +6 ring of intelligence
HPRegen 0.26/turn    (no ring)
MPRegen 0.09/turn

%: no passive effects
@: glowing
A: slimy green scales 1, condensation shield
a: Renounce Religion, Recall Undead Harvest


You were on level 4 of the Dungeon.
You worshipped Yredelemnul.
Yredelemnul was noncommittal.
You visited 1 branch of the dungeon, and saw 4 of its levels.

You collected 182 gold pieces.

Inventory:

Hand Weapons
 a - a +0 hand axe (weapon)
Armour
 b - a +0 robe (worn)
 d - an orb of light (worn)
 n - a +0 pair of gloves (worn)
Magical Staves
 t - a staff of conjuration
Jewellery
 k - a +6 ring of intelligence (left hand)
Wands
 r - a wand of roots (13)
Scrolls
 e - 3 scrolls of blinking {unknown}
 f - 7 scrolls of identify {unknown}
 m - a scroll of poison {unknown}
 o - a scroll of enchant weapon {unknown}
 p - a scroll of noise {unknown}
 q - a scroll of brand weapon {unknown}
Potions
 g - 2 potions of curing {unknown}
 h - 2 potions of degeneration {unknown}
 i - a potion of might {unknown}
 j - a potion of heal wounds {unknown}
 l - 2 potions of brilliance {unknown}
 s - a potion of haste {unknown}


   Skills:
 * Level 4.3 Fighting
 + Level 3.5 Axes
 + Level 3.6 Dodging


You had 3 spell levels left.
You didn't know any spells.
Your spell library contained the following spells:

 Spells                   Type           Power      Damage    Failure   Level
 Magic Dart               Conj           0%         1d3       24%         1
 Summon Small Mammal      Summ           0%         N/A       24%         1
 Call Imp                 Summ           0%         N/A       34%         2
 Call Canine Familiar     Summ           0%         N/A       56%         3
 Mephitic Cloud           Conj/Pois/Air  0%         N/A       56%         3
 Summon Guardian Golem    Hex/Summ       0%         N/A       56%         3


Dungeon Overview and Level Annotations

Branches:
Dungeon (4/15)
 Temple: D:4-7

Altars:
Yredelemnul


Innate Abilities, Weirdness & Mutations

You are partially covered in slimy green scales. (AC +2)
A meltable shield of frost defends you. (SH +4)


Message History

The gnoll closely misses you. The gnoll hits you with a +0 spear.
You hit the gnoll.
The gnoll is moderately wounded.
You barely miss the gnoll. The gnoll hits you with a +0 flail!
* * * LOW HITPOINT WARNING * * *
The gnoll misses you. The gnoll hits you with a +0 spear.
* * * LOW HITPOINT WARNING * * *
You are too injured to fight recklessly!
Unknown command.
You are confused.
You feel invigorated. The gnoll hits you with a +0 spear.
* * * LOW HITPOINT WARNING * * *
The gnoll hits you from afar with a +0 spear.
* * * LOW HITPOINT WARNING * * *
Unknown command.
You bump into the rock wall.
The gnoll hits you with a +0 flail.
* * * LOW HITPOINT WARNING * * *
The gnoll barely misses you. The gnoll hits you but does no damage.
You hit the gnoll.
The gnoll is heavily wounded.
You hit the gnoll but do no damage. The gnoll closely misses you.
The gnoll barely misses you.
You hit the gnoll.
The gnoll is severely wounded.
You hit the gnoll.
You feel less invigorated.
You feel less confused. The gnoll hits you with a +0 flail!
* * * LOW HITPOINT WARNING * * *
The gnoll hits you but does no damage. The gnoll misses you.
You barely miss the gnoll.
The gnoll is severely wounded.
You hit the gnoll. The gnoll hits you with a +0 spear.
* * * LOW HITPOINT WARNING * * *
The gnoll closely misses you.
You hit the gnoll but do no damage.
The gnoll is severely wounded.
You barely miss the gnoll. The gnoll closely misses you.
The gnoll hits you from afar with a +0 spear.
You die...
Your body rises from the dead as a mindless zombie.

##............#
#.............#
#......>......#
#.............#
....<.........#
)>............#
..............#
.......[......#####
................@g#
..............###g.....#
.............## #g.##..
...###......## ...#
....###....## ...#
....##..#### ...#
.......## ..# ......###
... ........##


You could see 3 gnolls.

Vanquished Creatures
  5 adders
  3 gnolls (D:3)
  A worm (D:2)
  2 dart slugs
  3 orcs (D:3)
  3 ball pythons
  6 endoplasms
  6 goblins
  3 hobgoblins
  A quokka (D:3)
  6 bats
  3 frilled lizards
  3 kobolds
  7 rats
52 creatures vanquished.

Vanquished Creatures (collateral kills)
  A quokka (D:3)
  A rat (D:3)
2 creatures vanquished.

Grand Total: 54 creatures vanquished

Notes
Turn   | Place    | Note
-------+----------+-------------------------------------------
     0 | D:1      | innerfire43 the Demonspawn Monk began the quest for the
                  | Orb.
     0 | D:1      | Reached XP level 1. HP: 18/18 MP: 1/1
   278 | D:1      | Gained mutation: A meltable shield of frost defends you.
                  | (SH +4) [demonic ancestry]
   278 | D:1      | Reached XP level 2. HP: 22/24 MP: 2/2
   547 | D:1      | You fall into a shaft and drop 1 floor!
   642 | D:2      | Gained mutation: You are partially covered in slimy green
                  | scales. (AC +2) [demonic ancestry]
   642 | D:2      | Reached XP level 3. HP: 10/29 MP: 3/3
  1944 | D:3      | Reached XP level 4. HP: 11/37 MP: 4/4
  2199 | D:3      | Reached skill level 4 in Fighting
  2292 | D:3      | Found a faded altar of an unknown god.
  2324 | D:3      | Prayed at the altar of an unknown god.
  2324 | D:3      | Became a worshipper of Yredelemnul the Dark
  2324 | D:3      | Reached * piety under Yredelemnul
  2324 | D:3      | Reached ** piety under Yredelemnul
  2421 | D:3      | Reached *** piety under Yredelemnul
  3113 | D:4      | Slain by a gnoll

Illustrated notes

Levels and vault maps discovered:
D:1:      moated_graveyard_arrival, layout_basic
D:2:      layout_basic
D:3:      layout_basic, basic_ecumenical_altar
D:4:      layout_cave_pods

Skill      XL: |  1  2  3  4 |
---------------+-------------+-----
Axes           | 3 |  3.5
Dodging        | 3 |  3.6
Fighting       | 4 |  4.3

Action                     |  1- 3 |  4- 6 || total
---------------------------+-------+-------++-------
  Melee: Hand axe          |   101 |    74 ||   175
    Use: Potion            |       |     1 ||     1
 Armour: Robe              |    22 |    17 ||    39
  Dodge: Dodged            |    66 |    40 ||   106
  Block: Orb               |     9 |    13 ||    22

Table legend: (Time is in decaauts)
 A = Elapsed time spent in this place.
 B = Non-inter-level travel time spent in this place.
 C = Inter-level travel time spent in this place.
 D = Time resting spent in this place.
 E = Time spent auto-exploring this place.
 F = Levels seen in this place.
 G = Mean time per level.
                   A        B        C        D        E       F      G
               +--------+--------+--------+--------+--------+-----+--------+
         Total |   3137 |   3116 |     21 |      0 |   2599 |   4 |  784.2 |
       Dungeon |   3137 |   3116 |     21 |      0 |   2599 |   4 |  784.2 |
               +--------+--------+--------+--------+--------+-----+--------+

Top non-repeatable levels by time:
     D:3: 1088 daAuts
     D:2: 1011 daAuts
     D:1: 843 daAuts
     D:4: 193 daAuts
